 Dungeon Crawl Stone Soup version 0.31-a0-925-g0a390f2509 (webtiles) character file.

Game seed: 17784064196562938176

243 Error4North the Ruffian (level 5, 0/45 HPs)
             Began as a Draconian Shapeshifter on Oct 19, 2023.
             Slain by an adder (2 damage)
             ... on level 4 of the Dungeon.
             The game lasted 00:09:38 (2682 turns).

Error4North the Ruffian (Draconian Shapeshifter)    Turns: 2682, Time: 00:09:41

Health: 0/45       AC:  5    Str: 18    XL:     5   Next: 82%
Magic:  5/5        EV: 12    Int: 11    God:
Gold:   162        SH:  0    Dex: 10    Spells: 3/4 levels left

rFire   + .          .
                       - Unarmed
rCold   + . .        (no shield)
rNeg    . . .        (body armour unavailable)
rPois   +            (helmet currently unavailable)
rElec   +            (cloak currently unavailable)
rCorr   +            (gloves currently unavailable)
SInv    .            (boots currently unavailable)
Will    .....        (no amulet)
Stlth   +            (no ring)
HPRegen 0.27/turn    (no ring)
MPRegen 0.09/turn

%: no passive effects
@: mighty, lethally poisoned (0 -> -3), beast-form, resistant, hasted, slow
A: beast (slay +2), AC +5, unfitting armour, cold-blooded
a: Begin Untransformation


You were on level 4 of the Dungeon.
You were a hulking beast.
You visited 1 branch of the dungeon, and saw 4 of its levels.

You collected 162 gold pieces.

Inventory:

Missiles
 i - 4 throwing nets
 n - 3 javelins (quivered)
 p - 5 boomerangs
 t - 3 poisoned darts
Armour
 o - a +0 pair of boots
Talismans
 b - a beast talisman (active)
 c - a flux talisman
Scrolls
 d - 3 scrolls of teleportation {unknown}
 g - a scroll of blinking {unknown}
 h - 4 scrolls of identify {unknown}
 l - 2 scrolls of poison {unknown}
 m - a scroll of noise {unknown}
 q - a scroll of vulnerability {unknown}
Potions
 a - 3 potions of lignification
 j - a potion of haste
 r - a potion of heal wounds {unknown}
 s - a potion of curing {unknown}


   Skills:
 * Level 3.0 Fighting
 + Level 0.6 Throwing
 * Level 3.0 Dodging
 + Level 0.4 Stealth
 + Level 4.6 Unarmed Combat
 + Level 3.6 Shapeshifting


You had 3 spell levels left.
You knew the following spells:

 Your Spells              Type           Power      Damage    Failure   Level
a - Apportation           Tloc           0%         N/A       34%         1

Your spell library contained the following spells:

 Spells                   Type           Power      Damage    Failure   Level
 Ensorcelled Hibernation  Hex/Ice        0%         N/A       47%         2
 Jinxbite                 Hex            0%         N/A       47%         2
 Anguish                  Hex/Necr       0%         N/A       98%         4
 Alistair's Intoxication  Tmut/Pois      0%         N/A       100%        5


Dungeon Overview and Level Annotations

Branches:
Dungeon (4/15)
 Temple: D:4-7

Altars:
The Shining One

Shops:
D:1 =

Portals:
Sewer: D:4


Innate Abilities, Weirdness & Mutations

You are a hulking beast.
Your limbs bulge with bestial killing power. (Slay +2)
Your plain brown scales are hard. (AC +5)
You cannot fit into any form of body armour.
You are cold-blooded and may be slowed by cold attacks.


Message History

You hit the adder but do no damage. The adder closely misses you.
The adder barely misses you. The adder closely misses you.
Your unstable footing causes you to fumble your attack.
The adder misses you. The adder closely misses you. x2
You hit the adder.
The adder is moderately wounded.
The adder bites you. The adder bites you but does no damage.
The adder closely misses you. The adder bites you.
You are poisoned.
The adder poisons you!
Your unstable footing causes you to fumble your attack.
You feel sick. The adder bites you.
You are more poisoned.
The adder poisons you! The adder bites you but does no damage.
The orc hits you but does no damage. The adder closely misses you.
Your unstable footing causes you to fumble your attack.
You feel sick. The adder bites you.
* * * LOW HITPOINT WARNING * * *
The adder barely misses you. The orc hits you but does no damage.
The adder barely misses you. x2; The adder bites you.
* * * LOW HITPOINT WARNING * * *
It was a potion of resistance.
You feel protected.
You feel sick. The adder bites you.
* * * LOW HITPOINT WARNING * * *
The adder bites you but does no damage. The adder closely misses you.
It was a potion of might.
You feel very mighty all of a sudden.
* * * LOW HITPOINT WARNING * * *
You feel sick. The adder barely misses you. The adder closely misses you.
The adder bites you but does no damage. The adder bites you.
* * * LOW HITPOINT WARNING * * *
The orc completely misses you.
It was a potion of haste.
You feel yourself speed up.
* * * LOW HITPOINT WARNING * * *
You feel sick. The adder misses you. The adder bites you.
* * * LOW HITPOINT WARNING * * *
The orc splashes around in the water.
The adder bites you but does no damage. The adder bites you.
You die...

#. .[ ..! #..##.##.#
## #..#...#.##.##
#............#
##...........#
#...#######..######
...
#.#.#~~So~#.....S..
... #...#~~Sho†.....#
#... #..#~~S~~#.###.#
##... #..#######.#
.##..# #..........#
..+#..####.#.###.##.#
8.. #........#
#...... .8.
###....#.# #.######
8..##...##.##...##
..##..#.##.# #..


You could see 3 adders and 2 orcs.

Vanquished Creatures
  Natasha (thrice) (D:2)
  3 gnolls (D:3)
  6 adders
  3 worms
  4 dart slugs
  2 orcs (D:3)
  4 ball pythons
  8 endoplasms
  2 giant cockroaches
  5 goblins
  4 hobgoblins
  3 jackals (D:2)
  3 quokkas
  5 frilled lizards
  8 kobolds
  7 rats
70 creatures vanquished.

Notes
Turn   | Place    | Note
-------+----------+-------------------------------------------
     0 | D:1      | Error4North the Draconian Shapeshifter began the quest for
                  | the Orb.
     0 | D:1      | Reached XP level 1. HP: 16/16 MP: 1/1
   113 | D:1      | Reached XP level 2. HP: 21/23 MP: 2/2
   397 | D:1      | Found Funiexa's One-of-a-Kind Rings.
   510 | D:1      | Reached XP level 3. HP: 29/29 MP: 3/3
  1017 | D:2      | Noticed Natasha
  1025 | D:2      | Killed Natasha
  1059 | D:2      | Reached XP level 4. HP: 36/36 MP: 4/4
  1128 | D:2      | Noticed Natasha
  1135 | D:2      | Killed Natasha
  1136 | D:2      | Reached skill level 4 in Unarmed Combat
  1181 | D:2      | Learned a level 1 spell: Apportation
  1435 | D:2      | Noticed Natasha
  1442 | D:2      | Killed Natasha
  1650 | D:3      | Reached XP level 5. HP: 39/42 MP: 5/5
  1773 | D:3      | Found a faded altar of an unknown god.
  2641 | D:4      | Found a glowing golden altar of the Shining One.
  2646 | D:4      | Found a glowing drain.
  2682 | D:4      | HP: 2/45 [adder (1)]
  2682 | D:4      | Slain by an adder

Illustrated notes

Levels and vault maps discovered:
D:1:      lemuel_arrival_cross, layout_basic, nicolae_shop_unique_rings
D:2:      layout_loops_ring, ebering_dispersal_statue_hall, grunt_ministairs_6,
          minmay_misc_feat_diagonals, uniq_natasha
D:3:      layout_loops_ring, hellmonk_ecumenical_altar_slurped_away
D:4:      layout_loops_ring, tso_metal_star, gup_sewer_entry_glass,
          minmay_distorted

Skill      XL: |  1  2  3  4  5 |
---------------+----------------+-----
Dodging        | 2 3 |  3.0
Fighting       | 2 3 |  3.0
Unarmed Combat | 4 |  4.6
Throwing       | |  0.6
Stealth        | |  0.4
Shapeshifting  | |  3.6

Action                     |  1- 3 |  4- 6 || total
---------------------------+-------+-------++-------
  Melee: Unarmed           |    79 |   100 ||   179
         Tailslap          |    11 |    13 ||    24
         Punch             |     3 |     6 ||     9
  Throw: Javelin           |       |     9 ||     9
    Use: Potion            |       |     3 ||     3
         Scroll            |       |     2 ||     2
 Armour: Skin              |    34 |    67 ||   101
  Dodge: Dodged            |    47 |    73 ||   120

Table legend: (Time is in decaauts)
 A = Elapsed time spent in this place.
 B = Non-inter-level travel time spent in this place.
 C = Inter-level travel time spent in this place.
 D = Time resting spent in this place.
 E = Time spent auto-exploring this place.
 F = Levels seen in this place.
 G = Mean time per level.
                   A        B        C        D        E       F      G
               +--------+--------+--------+--------+--------+-----+--------+
         Total |   2673 |   2649 |     24 |    115 |   1757 |   4 |  668.2 |
       Dungeon |   2673 |   2649 |     24 |    115 |   1757 |   4 |  668.2 |
               +--------+--------+--------+--------+--------+-----+--------+

Top non-repeatable levels by time:
     D:3: 841 daAuts
     D:1: 841 daAuts
     D:2: 775 daAuts
     D:4: 215 daAuts
